 Dungeon Crawl Stone Soup version 0.24.0-13-gcf9b3192b9 (webtiles) character file.

Game seed: 8090164062733357604, levelgen mode: deterministic

66 Gumption the Grave Robber (level 3, 0/19 HPs)
             Began as a Deep Elf Necromancer on Nov 9, 2019.
             Succumbed to an adder's poison
             ... on level 2 of the Dungeon.
             The game lasted 00:10:52 (1826 turns).

Gumption the Grave Robber (Deep Elf Necromancer)    Turns: 1826, Time: 00:10:53

Health: 0/19       AC:  3    Str:  5    XL:     3   Next: 96%
Magic:  3/9        EV: 12    Int: 22    God:
Gold:   46         SH:  0    Dex: 15    Spells: 7/9 levels left

rFire    + . .     SeeInvis .   a - +0 dagger
rCold    . . .     Gourm    .   (no shield)
rNeg     . . .     Faith    .   b - +0 leather armour
rPois    .         Spirit   .   (no helmet)
rElec    .         Reflect  .   (no cloak)
rCorr    .         Harm     .   (no gloves)
MR       .....                  (no boots)
Stlth    ++........             (no amulet)
HPRegen  0.06/turn              (no ring)
MPRegen  0.11/turn              (no ring)

@: lethally poisoned (0 -> -10), very slightly contaminated
A: fangs 1, clever 1, fire resistance 1, low mp 1
a: no special abilities


You were on level 2 of the Dungeon.
You were not hungry.

You visited 1 branch of the dungeon, and saw 2 of its levels.

You collected 46 gold pieces.

Inventory:

Hand Weapons
 a - a +0 dagger (weapon)
 w - a +0 spear
Missiles
 c - 65 stones
 j - a boomerang (quivered)
Armour
 b - a +0 leather armour (worn)
Jewellery
 h - a +5 ring of evasion {unknown}
 i - a cursed amulet of inaccuracy {unknown}
Scrolls
 f - a scroll of amnesia {unknown}
 k - a scroll of identify {unknown}
Comestibles
 e - 2 rations
 g - 3 chunks of flesh


   Skills:
 + Level 3.3 Dodging
 + Level 3.4 Stealth
 + Level 3.8 Spellcasting
 + Level 5.3 Necromancy


You had 7 spell levels left.
You knew the following spells:

 Your Spells              Type           Power        Failure   Level  Hunger
a - Pain                  Necr           ####         1%          1    None
b - Animate Skeleton      Necr           N/A          1%          1    None

Your spell library contained the following spells:

 Spells                   Type           Power        Failure   Level  Hunger
 Vampiric Draining        Necr           ####......   6%          3    ###....
 Regeneration             Chrm/Necr      ###.......   19%         3    ###....
 Animate Dead             Necr           N/A          21%         4    ####...


Dungeon Overview and Level Annotations

Branches:
Dungeon (2/15)

Altars:


Innate Abilities, Weirdness & Mutations

You have very sharp teeth.
Your mind is acute. (Int +2)
Your flesh is heat resistant. (rF+)
Your magical capacity is low. (-10% MP)


Message History

The kobold writhes in agony.
You feel sick.
The kobold hits you with a +0 short sword.
* * * LOW HITPOINT WARNING * * *
Casting: Pain (safe; 2% risk of failure)
Confirm with . or Enter, or press ? or * to list all spells.
Aiming: Pain (safe; 2% risk of failure)
Press: ? - help, Shift-Dir - straight line, f/p - kobold
Aim: a kobold, wielding a +0 short sword (severely wounded, chance to defeat MR: 93%)
You miscast Pain.
You are very lightly contaminated with residual magic.
Nothing appears to happen.
* * * LOW HITPOINT WARNING * * *
You feel sick. The kobold closely misses you.
It was a potion of mutation.
You feel extremely strange.
Your teeth lengthen and sharpen.
You feel less energetic.
You feel clever.
You feel resistant to heat. The kobold barely misses you.
You hit the kobold but do no damage.
The kobold is heavily wounded.
You die...

####.#...........P..P.>...
.... #.##.#.......♣♣P.P.#
#..# # #..........♣♣♣♣..# #
#.. #............♣..##.#
##K######..................#
#..l....#..........#.......#
#...Z...#..........#....P..#
#.......#............P♣♣♣..#
#.......#..K@....#.#P.P♣♣....
#..........#######.#..PPP....
#..........# #.##.PP.....
#..........# #..##.......
#..........## ##.# ......
#...........# ##.###.#####
#...........# #...........
#####.......# #...........
#.......# #...........


You could see a kobold.

Vanquished Creatures
  2 adders (D:2)
  A worm (D:2)
  4 dart slugs
  2 leopard geckos
  4 bats
  2 giant cockroaches
  3 goblins (D:1)
  3 hobgoblins (D:1)
  3 jackals (D:2)
  2 frilled lizards (D:1)
  4 kobolds
  6 rats
36 creatures vanquished.

Vanquished Creatures (collateral kills)
  A kobold (D:2)
1 creature vanquished.

Grand Total: 37 creatures vanquished

Notes
Turn   | Place    | Note
-------+----------+-------------------------------------------
     0 | D:1      | Gumption the Deep Elf Necromancer began the quest for the
                  | Orb.
     0 | D:1      | Reached XP level 1. HP: 10/10 MP: 6/6
     2 | D:1      | Learned a level 1 spell: Animate Skeleton
   537 | D:1      | Reached skill level 5 in Necromancy
   537 | D:1      | Reached XP level 2. HP: 15/15 MP: 6/8
  1295 | D:1      | Reached XP level 3. HP: 19/19 MP: 8/10
  1825 | D:2      | Gained mutation: You have very sharp teeth. [potion of
                  | mutation]
  1825 | D:2      | Gained mutation: Your magical capacity is low. (-10% MP)
                  | [potion of mutation]
  1825 | D:2      | Gained mutation: Your mind is acute. (Int +2) [potion of
                  | mutation]
  1825 | D:2      | Gained mutation: Your flesh is heat resistant. (rF+)
                  | [potion of mutation]
  1826 | D:2      | Succumbed to an adder's poison

Levels and vault maps discovered:
D:1:      sevenhm_arrival_forest_fort_small_5, layout_rooms
D:2:      minmay_wonky_spiral, layout_basic, serial_forest,
          infiniplex_forest_corner_2, infiniplex_forest_straight_3,
          infiniplex_forest_fountain, infiniplex_forest_lined_3,
          infiniplex_forest_clump_double, infiniplex_forest_clump_curved,
          minmay_pentomino_o4, uniq_natasha

Skill      XL: |  1  2 |
---------------+-------+-----
Necromancy     | 5 |  5.3
Stealth        | 3 |  3.4
Dodging        | 3 |  3.3
Spellcasting   | |  3.8

Action                   || total
-------------------------++-------
Melee: Dagger            ||     1
Throw: Boomerang         ||     8
 Cast: Pain              ||    56
       Animate Skeleton  ||     8
  Use: Potion            ||     1
  Eat: Chunk             ||     3
Armor: Leather armour    ||     1
Dodge: Dodged            ||     8
